 Dungeon Crawl Stone Soup version 0.30.1-11-g7821555f0a (webtiles) character file.

Game seed: 1856793033204247593

481 MrIGI the Ruffian (level 6, -4/61 HPs)
             Began as a Troll Fighter on Jan 5, 2024.
             Slain by Edmund
             ... wielding a +1 dire flail of protection
              (9 damage)
             ... on level 5 of the Dungeon.
             The game lasted 00:06:49 (3281 turns).

MrIGI the Ruffian (Troll Fighter)                   Turns: 3281, Time: 00:06:49

Health: -4/61      AC:  6    Str: 27    XL:     6   Next: 87%
Magic:  5/5        EV:  9    Int:  4    God:
Gold:   314        SH:  8    Dex:  9    Spells: 5/5 levels left

rFire   . .          .
                       - Unarmed
rCold   . . .        b - +0 kite shield
rNeg    . . .        a - +0 robe
rPois   .            (helmet restricted)
rElec   .            C - +1 cloak
rCorr   .            (gloves unavailable)
SInv    .            (boots unavailable)
Will    .....        (no amulet)
Stlth   +            (no ring)
HPRegen 1.10/turn    (no ring)
MPRegen 0.09/turn

%: no passive effects
@: no status effects
A: large, unfitting armour, claws 3, regeneration 1, shaggy fur 1, tough skin 1
a: no special abilities


You were on level 5 of the Dungeon.
You visited 1 branch of the dungeon, and saw 5 of its levels.

You collected 314 gold pieces.

Inventory:

Armour
 a - a +0 robe (worn)
 b - a +0 kite shield (worn)
 g - a +0 cloak
 p - an orb of energy
 C - a +1 cloak (worn)
Jewellery
 i - an amulet of guardian spirit
 v - a ring of protection from cold
 y - a ring of poison resistance
 z - a +6 ring of strength
Wands
 x - a wand of flame (9)
Scrolls
 e - 2 scrolls of teleportation {unknown}
 f - a scroll of magic mapping {unknown}
 h - a scroll of acquirement {unknown}
 j - 5 scrolls of identify
 k - a scroll of amnesia {unknown}
 s - a scroll of fear {unknown}
 A - a scroll of vulnerability {unknown}
 D - a scroll of poison {unknown}
Potions
 c - a potion of might
 d - a potion of lignification {unknown}
 l - 2 potions of curing {unknown}
 m - a potion of resistance {unknown}
 n - 2 potions of invisibility {unknown}
 o - a potion of brilliance {unknown}
 q - 3 potions of mutation
 r - a potion of flight {unknown}
 t - a potion of ambrosia {unknown}
 u - a potion of berserk rage {unknown}
 w - a potion of haste {unknown}
 B - a potion of attraction {unknown}


   Skills:
 + Level 3.6 Fighting
 + Level 3.6 Dodging
 + Level 4.0 Shields
 * Level 4.9 Unarmed Combat


You had 5 spell levels left.
You didn't know any spells.
Your spell library contained the following spells:

 Spells                   Type           Power      Damage    Failure   Level
 Freeze                   Ice            0%         1d3       75%         1
 Sandblast                Erth           0%         2d4       75%         1
 Passwall                 Tmut/Erth      0%         N/A       86%         2
 Call Canine Familiar     Summ           0%         N/A       98%         3
 Frozen Ramparts          Ice            0%         1d1       98%         3
 Hailstorm                Conj/Ice       0%         3d3       98%         3
 Portal Projectile        Hex/Tloc       0%         N/A       98%         3
 Stone Arrow              Conj/Erth      0%         3d7       98%         3
 Leda's Liquefaction      Hex/Erth       0%         N/A       100%        4


Dungeon Overview and Level Annotations

Branches:
Dungeon (5/15)
 Temple: D:4-7

Altars:
Cheibriados
Hepliaklqana
Ru
Trog

Shops:
D:1 *   D:3 *

Annotations:
D:5 Edmund


Innate Abilities, Weirdness & Mutations

You are too large for most types of armour.
You have claws for hands.
Your natural rate of healing is unusually fast.
You are covered in fur. (AC +1)
You have tough skin. (AC +1)


Message History

You claw Edmund!
Edmund is heavily wounded.
Edmund hits you with a +1 dire flail of protection.
* * * LOW HITPOINT WARNING * * *
Edmund attacks as you move away! You block Edmund's attack.
You scratch Edmund.
Edmund is heavily wounded.
Edmund says, "I'm quite good with sums, too."
Edmund barely misses you.
You barely miss Edmund.
Edmund is heavily wounded.
Edmund hits you with a +1 dire flail of protection!
* * * LOW HITPOINT WARNING * * *
Edmund attacks as you move away! Edmund barely misses you.
Edmund attacks as you move away! Edmund barely misses you.
Edmund attacks as you move away! You block Edmund's attack.
Edmund says, "I'm quite good with sums, too."
Edmund attacks as you move away!
Edmund hits you with a +1 dire flail of protection!
As you read the scroll labelled UMMATO ZEPPINANK, it crumbles to dust.
It is a scroll of identify.
q - 3 potions of mutation Edmund says, "Maybe I'll buy a title.
How does Count Edmund sound?"
Edmund hits you with a +1 dire flail of protection.
* * * LOW HITPOINT WARNING * * *
Edmund attacks as you move away! Edmund closely misses you.
Edmund attacks as you move away!
Edmund hits you with a +1 dire flail of protection!
* * * LOW HITPOINT WARNING * * *
Edmund says, "You wouldn't believe how much I paid for this flail."
Found a stone staircase leading down.
Edmund attacks as you move away!
Edmund hits you with a +1 dire flail of protection!
* * * LOW HITPOINT WARNING * * *
A scorpion comes into view.
Found a stone staircase leading down.
The scorpion misses you. Edmund attacks as you move away!
Edmund hits you with a +1 dire flail of protection!
You die...

#..####.###.##.#
#♣.8### #..#
#.###.##.########
#...#.. #..#
#§§##...........#
#8.8### #..#
##§#####..#####.#
#...# #..# #§#
#..# #.# #8.8#
#... ##§## #..#
#.# #...# ##..
#§§§# #..# #.#
#8.♣# #§§§# #.@#
#.# #...# #§§.#
#s@# #.# #8.8#
######....# #.#
#...# #..... #.#
#♣.8# .......#
#.# #...#
#..#.>...# #.#
#8.8# #..#....##
#.# #...# #.
#>#### #.#
#8.8### .. #.#
#)..#.. #.#
##....#


You could see Edmund and a scorpion.

Vanquished Creatures
  A black bear (D:4)
  A hound (D:5)
  2 orc priests (D:4)
  An iguana (D:5)
  2 orc wizards (D:4)
  Terence (D:2)
  7 adders
  An ufetubus (D:4)
  2 worms
  A dart slug (D:3)
  11 orcs
  8 endoplasms
  3 giant cockroaches
  6 hobgoblins
  6 jackals
  3 quokkas
  10 ball pythons
  5 bats
  3 frilled lizards (D:1)
  11 goblins
  12 kobolds
  7 rats
104 creatures vanquished.

Vanquished Creatures (others)
  A wizard (D:5)
  An orc wizard (D:4)
2 creatures vanquished.

Grand Total: 106 creatures vanquished

Notes
Turn   | Place    | Note
-------+----------+-------------------------------------------
     0 | D:1      | MrIGI the Troll Fighter began the quest for the Orb.
     0 | D:1      | Reached XP level 1. HP: 22/22 MP: 0/0
    25 | D:1      | Found Neetziy's General Store.
    76 | D:1      | Reached XP level 2. HP: 29/29 MP: 1/1
   195 | D:1      | Found a faded altar of an unknown god.
   877 | D:2      | Reached XP level 3. HP: 36/36 MP: 2/2
  1257 | D:2      | Noticed Terence
  1262 | D:2      | Killed Terence
  1263 | D:2      | Reached XP level 4. HP: 43/44 MP: 3/3
  1445 | D:2      | Found a snail-covered altar of Cheibriados.
  1702 | D:3      | Found Jodahak's General Store.
  1790 | D:3      | Reached XP level 5. HP: 53/53 MP: 4/4
  2224 | D:4      | Noticed a black bear
  2247 | D:4      | Killed a black bear
  2248 | D:4      | Reached XP level 6. HP: 59/61 MP: 5/5
  2323 | D:4      | Found a sacrificial altar of Ru.
  2789 | D:5      | Entered Level 5 of the Dungeon
  2793 | D:5      | Found a bloodstained altar of Trog.
  3035 | D:5      | Noticed a wizard
  3039 | D:5      | Killed a wizard
  3191 | D:5      | Found a hazy altar of Hepliaklqana.
  3236 | D:5      | Noticed Edmund
  3278 | D:5      | HP: 2/61 [Edmund/+1 dire flail of protection (10)]
  3281 | D:5      | Slain by Edmund

Illustrated notes

Levels and vault maps discovered:
D:1:      spicycebolla_green_bress_n_ham_2, layout_loops_ring, serial_shops,
          shop, serial_rivers, chequers_serial_rivers_room_b,
          chequers_serial_rivers_micro_a, chequers_serial_rivers_room_a,
          chequers_serial_rivers_large_a, ebering_ecumenical_altar_sacrificial
D:2:      layout_basic, basic_altar, uniq_terence
D:3:      layout_rooms, serial_shops, nicolae_shop_tiny_glass, minmay_distorted
D:4:      layout_basic, nicolae_ru_great_annihilating_truth
D:5:      layout_loops_ring, trog_wizard, nzn_hepliaklqana_mist_gate,
          chequers_avenue, minmay_manual_moon, uniq_edmund

Skill      XL: |  1  2  3  4  5  6 |
---------------+-------------------+-----
Shields        | 3 4 |  4.0
Unarmed Combat | 3 4 |  4.9
Fighting       | 3 |  3.6
Dodging        | 3 |  3.6

Action                     |  1- 3 |  4- 6 || total
---------------------------+-------+-------++-------
  Melee: Unarmed           |   101 |   168 ||   269
    Use: Scroll            |       |     1 ||     1
   Stab: Sleeping          |       |     1 ||     1
         Paralysed         |       |     1 ||     1
 Armour: Robe              |    43 |    46 ||    89
  Dodge: Dodged            |    35 |    54 ||    89
  Block: Kite shield       |    37 |    54 ||    91
